 Dungeon Crawl Stone Soup version 0.28-a0-957-g42eb19b844 (webtiles) character file.

Game seed: 8521222741708225506

9 browni3141 the Shield-Bearer (level 1, 0/18 HPs)
             Began as a Demigod Fighter on Dec 1, 2021.
             Succumbed to a goblin's poison
             ... on level 1 of the Dungeon.
             The game lasted 00:00:28 (290 turns).

browni3141 the Shield-Bearer (Demigod Fighter)       Turns: 290, Time: 00:00:28

Health: 0/18       AC:  6    Str: 16 (17) XL:     1   Next: 86%
Magic:  3/3        EV:  9    Int:  8 (10) God:
Gold:   26         SH:  4    Dex: 12 (13) Spells: 0/0 levels left

rFire   . . .      SeeInvis .   a - +0 long sword
rCold   + . .      Faith    .   c - +0 buckler
rNeg    . . .      Spirit   .   b - +0 scale mail
rPois   .          Reflect  .   (no helmet)
rElec   .          Harm     .   (no cloak)
rCorr   +          Rampage  .   (no gloves)
Will    .....                   (no boots)
Stlth   ..........              (no amulet)
HPRegen 0.06/turn               g - ring of protection from cold
MPRegen 0.08/turn               h - ring of resist corrosion

@: lethally poisoned (0 -> -10), flying
A: high mp 1, forlorn
a: no special abilities


You were on level 1 of the Dungeon.
You visited 1 branch of the dungeon, and saw 1 of its levels.

You collected 26 gold pieces.

Inventory:

Hand Weapons
 a - a +0 long sword (weapon)
Armour
 b - a +0 scale mail (worn)
 c - a +0 buckler (worn)
Jewellery
 g - a ring of protection from cold (left hand)
 h - a ring of resist corrosion (right hand)
Potions
 d - a potion of might


   Skills:
 * Level 2.8 Fighting
 - Level 1.7 Long Blades
 * Level 2.8 Armour
 * Level 0.5 Dodging
 * Level 2.8 Shields


You couldn't memorise any spells.
You didn't know any spells.
Your spell library was empty.

Dungeon Overview and Level Annotations

Branches:
Dungeon (1/15)


Innate Abilities, Weirdness & Mutations

Your attributes grow dramatically as you level up.
You have an increased reservoir of magic. (+10% MP)
You shall have no god before yourself.


Message History

You closely miss the giant cockroach.
The kobold throws a stone.
The stone barely misses you.
A goblin comes into view. It is wielding a +2 dagger of venom.
The giant cockroach bites you but does no damage.
The goblin shouts!
You hit the giant cockroach.
The giant cockroach is almost dead.
The giant cockroach barely misses you.
The giant cockroach bites you but does no damage.
You slash the giant cockroach!
You kill the giant cockroach!
You block the kobold's attack.
You hit the kobold.
The kobold is severely wounded.
You block the kobold's attack.
The kobold hits you with a +0 short sword.
The goblin hits you with a +2 dagger of venom.
You are lethally poisoned!
You hit the kobold.
You kill the kobold!
You feel very sick.
A ball python comes into view.
The goblin hits you but does no damage.
You are more poisoned.
The ball python hisses angrily.
You slash the goblin!
You kill the goblin!
* * * LOW HITPOINT WARNING * * *
You feel very sick.
You are too injured to fight recklessly!
Unknown command.
It was a potion of degeneration.
There was something very wrong with that liquid.
You feel weakened.
You feel dopey.
You feel clumsy.
* * * LOW HITPOINT WARNING * * *
You feel very sick.
It was a potion of flight.
You feel very buoyant.
You fly up into the air.
You die...

## #### .. ..#
##. #.# ...##.###
#S:...#
...###))...######
.......@........#
...###.....####.#
...........##.#
######........#
#####.#..# #.#..#
#.#..# #.# #.#..#
#.# #.#..#


You could see a ball python.

Vanquished Creatures
  A ball python (D:1)
  An endoplasm (D:1)
  A giant cockroach (D:1)
  A goblin (D:1)
  A hobgoblin (D:1)
  A quokka (D:1)
  A kobold (D:1)
7 creatures vanquished.

Notes
Turn   | Place    | Note
-------+----------+-------------------------------------------
     0 | D:1      | browni3141 the Demigod Fighter began the quest for the Orb.
     0 | D:1      | Reached XP level 1. HP: 18/18 MP: 3/3
   290 | D:1      | Succumbed to a goblin's poison

Illustrated notes

Levels and vault maps discovered:
D:1:      tarquinn_simple_flora_water_b, layout_loops_ring,
          dreamdust_ecumenical_altar_statues, minmay_lizard_pond

Action                   || total
-------------------------++-------
Melee: Long sword        ||    16
  Use: Potion            ||     2
Armor: Scale mail        ||     6
Dodge: Dodged            ||     6
Block: Buckler           ||     4

Table legend: (Time is in decaauts)
 A = Elapsed time spent in this place.
 B = Non-inter-level travel time spent in this place.
 C = Inter-level travel time spent in this place.
 D = Time resting spent in this place.
 E = Time spent auto-exploring this place.
 F = Levels seen in this place.
 G = Mean time per level.
                   A        B        C        D        E       F      G
               +--------+--------+--------+--------+--------+-----+--------+
         Total |    294 |    294 |      0 |      0 |    247 |   1 |  294.0 |
       Dungeon |    294 |    294 |      0 |      0 |    247 |   1 |  294.0 |
               +--------+--------+--------+--------+--------+-----+--------+

Top non-repeatable levels by time:
     D:1: 294 daAuts
